 Dungeon Crawl Stone Soup version 0.24.0-1-gfbc8707122 (webtiles) character file.

Game seed: 5713503869772705627, levelgen mode: deterministic

1330 Froggeryz the Caller (level 8, 0/62 HPs)
             Began as a Naga Ice Elementalist on Oct 26, 2019.
             Slain by a gnoll sergeant
             ... wielding a +0 spear
              (6 damage)
             ... on level 7 of the Dungeon.
             The game lasted 00:16:08 (5805 turns).

Froggeryz the Caller (Naga Ice Elementalist)        Turns: 5805, Time: 00:16:08

Health: 0/62       AC:  4    Str: 11    XL:     8   Next: 60%
Magic:  6/13       EV: 10    Int: 18    God:
Gold:   265        SH:  0    Dex: 11    Spells: 8/14 levels left

rFire    . . .     SeeInvis +   w - +2 whip (flame)
rCold    . . .     Gourm    .   (no shield)
rNeg     . . .     Faith    .   a - +0 robe
rPois    +         Spirit   .   p - +0 helmet
rElec    .         Reflect  .   (no cloak)
rCorr    .         Harm     .   (no gloves)
MR       +....                  (no barding)
Stlth    ++........             (no amulet)
HPRegen  0.20/turn              (no ring)
MPRegen  0.13/turn              (no ring)

@: very slow
A: large, see invisible, deformed body, poison resistance, slowness 2, slow
metabolism 1, spit poison 1, AC +2
a: Spit Poison


You were on level 7 of the Dungeon.
You were not hungry.

You visited 1 branch of the dungeon, and saw 7 of its levels.

You collected 265 gold pieces.

Inventory:

Hand Weapons
 j - a +1 short sword of venom
 m - a +2 short sword of draining
 w - a +2 whip of flaming (weapon)
Missiles
 b - 26 poisoned darts (quivered)
 o - 2 throwing nets
Armour
 a - a +0 robe (worn)
 p - a +0 helmet (worn)
 y - a +0 buckler
 B - a +2 ring mail of cold resistance
Jewellery
 s - a cursed amulet of guardian spirit {unknown}
Wands
 A - a wand of polymorph (7)
Scrolls
 d - 2 scrolls of magic mapping {unknown}
 f - 11 scrolls of identify {unknown}
 g - 3 scrolls of remove curse {unknown}
 h - a scroll of amnesia {unknown}
 i - 3 scrolls of fear {unknown}
 l - a scroll of teleportation
 t - 2 scrolls of noise {unknown}
 u - 2 scrolls of enchant weapon {unknown}
Potions
 e - a potion of heal wounds
 k - a potion of flight {unknown}
 n - a potion of ambrosia {unknown}
 r - 3 potions of agility
 v - a potion of degeneration {unknown}
 z - a potion of cancellation
Comestibles
 c - 8 rations
 q - 2 chunks of flesh


   Skills:
 - Level 1.5 Dodging
 - Level 3.0 Stealth
 + Level 3.9 Spellcasting
 * Level 1.7 Conjurations
 - Level 7.1 Summonings
 - Level 5.0 Ice Magic
 - Level 5.3 Poison Magic


You had 8 spell levels left.
You knew the following spells:

 Your Spells              Type           Power        Failure   Level  Hunger
a - Freeze                Ice            ###.         1%          1    None
b - Call Imp              Summ           ####....     1%          2    ##.....
c - Mephitic Cloud        Conj/Pois/Air  ##......     17%         3    ###....

Your spell library contained the following spells:

 Spells                   Type           Power        Failure   Level  Hunger
 Throw Frost              Conj/Ice       ###...       5%          2    ##.....
 Magic Dart               Conj           #...         7%          1    None
 Summon Ice Beast         Ice/Summ       ####....     12%         4    ####...
 Ozocubu's Armour         Chrm/Ice       ##......     16%         3    ###....
 Blink                    Tloc           N/A          22%         2    ##.....
 Slow                     Hex            #.......     22%         2    ##.....
 Conjure Flame            Conj/Fire      #.......     30%         3    ###....
 Throw Icicle             Conj/Ice       ###.....     34%         4    ####...


Dungeon Overview and Level Annotations

Branches:
Dungeon (7/15)
 Temple: D:4-7

Altars:

Annotations:
D:5 aduken's ghost, novice FeTm


Innate Abilities, Weirdness & Mutations

You cannot wear boots.
Your serpentine skin is tough. (AC +2)
You have supernaturally acute eyesight. (SInv)
Armour fits poorly on your strangely shaped body.
Your system is resistant to poisons. (rPois)
You cover ground very slowly.
You have a slow metabolism.
You can spit poison.


Message History

Your crimson imp hits the ice beast but does no damage.
You hit the ice beast but do no damage.
The ice beast is moderately wounded.
The gnoll sergeant hits you from afar with a +0 spear.
The ice beast hits you. The ice beast freezes you!
Your white imp hits the ice beast but does no damage.
Your crimson imp blinks!
Your crimson imp hits the ice beast but does no damage.
The gnoll sergeant barely misses you.
You swap places.
The ice beast hits you. The ice beast freezes you!
* * * LOW HITPOINT WARNING * * *
Your crimson imp blinks!
Your white imp closely misses the ice beast.
Your crimson imp barely misses the ice beast.
The ice beast hits you.
* * * LOW HITPOINT WARNING * * *
The ice beast freezes you.
* * * LOW HITPOINT WARNING * * *
The gnoll sergeant hits you from afar with a +0 spear.
You die...

#..))....# ###.[......##
...##..##...###
.÷..#.)##.....### # ..
..).)...###..§..## .# ...
#......###.......# #.#..##
#.#.#............##.......
#####.......##............
#...........@5g.g..#..
#..#........5Y...#...#
#####.#...........#...#..
##..#............#...#...#
#..................#...#..
#................#...#.. #
...................#...#.
.................#...#.
..............


You could see an ice beast, a gnoll sergeant, a gnoll, a friendly crimson imp
and a friendly white imp.

Vanquished Creatures
  Pikel (D:5)
  Duvessa (D:7)
  An orc warrior (D:7)
  A centaur (D:6)
  3 scorpions
  A hound (D:6)
  An orc priest (D:6)
  3 worker ants
  A hound zombie (D:7)
  Robin (D:3)
  3 gnolls
  13 adders
  An ooze (D:1)
  An adder zombie (D:6)
  A worm (D:6)
  A dart slug (D:2)
  2 leopard geckos
  10 orcs
  24 goblins
  2 hobgoblins (D:1)
  8 jackals
  10 kobolds
  4 quokkas
  A ball python (D:2)
  10 bats
  6 frilled lizards
  A quokka skeleton (D:5)
  7 rats
119 creatures vanquished.

Vanquished Creatures (collateral kills)
  A phantom (D:7)
  An ogre (D:6)
  Dowan (D:7)
  A bullfrog zombie (D:5)
  A worker ant zombie (D:5)
  4 gnolls (D:7)
9 creatures vanquished.

Vanquished Creatures (others)
  An ooze (D:4)
  A jackal (D:4)
2 creatures vanquished.

Grand Total: 130 creatures vanquished

Notes
Turn   | Place    | Note
-------+----------+-------------------------------------------
     0 | D:1      | Froggeryz the Naga Ice Elementalist began the quest for the
                  | Orb.
     0 | D:1      | Reached XP level 1. HP: 15/15 MP: 3/3
   148 | D:1      | Reached XP level 2. HP: 13/22 MP: 0/5
   640 | D:1      | Reached XP level 3. HP: 28/28 MP: 4/6
   992 | D:2      | Learned a level 2 spell: Call Imp
  1083 | D:2      | Reached XP level 4. HP: 35/36 MP: 5/7
  1347 | D:2      | Reached skill level 1 in Summonings
  1714 | D:3      | Reached XP level 5. HP: 35/42 MP: 4/8
  1908 | D:3      | Reached skill level 2 in Summonings
  1930 | D:3      | Noticed Robin
  1943 | D:3      | Killed Robin
  2428 | D:4      | Reached skill level 5 in Ice Magic
  2439 | D:4      | You fall into a shaft and drop 2 floors!
  2473 | D:6      | Noticed a centaur
  2484 | D:6      | Killed a centaur
  2484 | D:6      | Reached skill level 3 in Summonings
  2484 | D:6      | Reached XP level 6. HP: 15/49 MP: 4/9
  2695 | D:5      | Entered Level 5 of the Dungeon
  2725 | D:5      | Reached skill level 4 in Summonings
  3044 | D:4      | You fall into a shaft and drop 2 floors!
  3117 | D:6      | Reached skill level 5 in Summonings
  3117 | D:6      | Reached XP level 7. HP: 49/55 MP: 2/10
  3321 | D:4      | Noticed Pikel
  3379 | D:5      | Killed Pikel
  3379 | D:5      | Reached skill level 6 in Summonings
  3449 | D:4      | Reached skill level 7 in Summonings
  4009 | D:5      | Learned a level 3 spell: Mephitic Cloud
  4101 | D:6      | Reached skill level 1 in Poison Magic
  4442 | D:6      | Reached XP level 8. HP: 31/62 MP: 6/12
  4593 | D:6      | Found a runed translucent door.
  4593 | D:6      | Noticed aduken's ghost (novice FeTm)
  5049 | D:7      | Noticed Duvessa
  5055 | D:7      | Noticed Dowan
  5081 | D:7      | Killed Duvessa
  5083 | D:7      | Killed Dowan
  5180 | D:7      | HP: 2/62 [hound zombie (3)]
  5273 | D:7      | Reached skill level 5 in Poison Magic
  5805 | D:7      | Slain by a gnoll sergeant

Levels and vault maps discovered:
D:1:      minmay_arrival_glassed_features, layout_loops_ring, chequers_arboretum
D:2:      minmay_chambers_of_twos, layout_basic, first_ration
D:3:      layout_loops_ring, uniq_robin
D:4:      layout_loops_cross, serial_bayou_pond_c, uniq_pikel
D:5:      layout_rooms, minmay_misc_feat_encased
D:6:      layout_basic, gammafunk_ghost_grave, corexii_hall_statues_x,
          minmay_ogre_servants
D:7:      layout_cave_pools, minmay_temple_entry_junction, hex_medium,
          uniq_duvessa

Skill      XL: |  1  2  3  4  5  6  7  8 |
---------------+-------------------------+-----
Ice Magic      | 4 5 |  5.0
Summonings     | 1 3 5 7 |  7.1
Poison Magic   | 2 5 |  5.3
Spellcasting   | 3 |  3.9
Dodging        | |  1.5
Stealth        | |  3.0
Conjurations   | |  1.7

Action                   |  1- 3 |  4- 6 |  7- 9 || total
-------------------------+-------+-------+-------++-------
Melee: Unarmed           |    21 |     4 |       ||    25
       Short sword       |       |    96 |    76 ||   172
       Whip              |       |       |    19 ||    19
Throw: Dart              |     3 |     4 |     1 ||     8
 Cast: Freeze            |    31 |    44 |    12 ||    87
       Call Imp          |     1 |     5 |    49 ||    55
       Mephitic Cloud    |       |       |     1 ||     1
 Abil: Spit Poison       |     9 |    18 |    24 ||    51
  Use: Potion            |       |       |     6 ||     6
       Scroll            |       |       |     3 ||     3
 Stab: Sleeping          |     3 |     5 |     2 ||    10
       Distracted        |     1 |       |       ||     1
       Confused          |       |       |     1 ||     1
  Eat: Chunk             |       |     8 |    11 ||    19
Armor: Robe              |    14 |    43 |    36 ||    93
Dodge: Dodged            |    27 |    68 |    77 ||   172
